 Dungeon Sprint DCSS version 0.31-a0-1469-gd420192249 (webtiles) character file.

Game seed: 2913096623370504070

309 BigPumpCobain the Grappler (level 6, -2/108 HPs)
             Began as a Troll Berserker on Dec 29, 2023.
             Was a Believer of Trog.
             Slain by a centaur warrior (4 damage)
             ... in the Dungeon (Sprint I: "Red Sonja").
             The game lasted 00:00:32 (90 turns).

BigPumpCobain the Grappler (Troll Berserker)          Turns: 90, Time: 00:00:33

Health: -2/108     AC:  4    Str: 28    XL:     6   Next: 17%
Magic:  5/5        EV: 10    Int:  3    God:    Trog [**....]
Gold:   177        SH:  0    Dex:  9    Spells: 5/5 levels left

rFire   . .          .
                       - Unarmed
rCold   . . .        (no shield)
rNeg    . . .        a - +0 animal skin
rPois   .            (helmet restricted)
rElec   .            (no cloak)
rCorr   .            (gloves unavailable)
SInv    .            (boots unavailable)
Will    .....        (no amulet) Stlth
                     (no ring)
HPRegen 1.18/turn    (no ring)
MPRegen 0.09/turn

%: no teleportation
@: berserking, very quick
A: large, unfitting armour, claws 3, regeneration 1, shaggy fur 1, tough skin 1
a: Renounce Religion, Berserk, Trog's Hand


You were in the Dungeon.
You worshipped Trog.
Trog was pleased with you.
You visited 1 branch You collected 177 gold pieces.

Inventory:

Armour
 a - a +0 animal skin (worn)
Wands
 h - a wand of polymorph (7)
Scrolls
 g - a scroll of blinking
 i - a scroll of vulnerability {unknown}
Potions
 b - a potion of curing
 c - a potion of heal wounds
 d - a potion of haste
 e - 2 potions of magic
 f - a potion of berserk rage


   Skills:
 + Level 7.7 Fighting
 - Level 2.4 Dodging
 + Level 10.2 Unarmed Combat


You had 5 spell levels left.
You didn't know any spells.
Your spell library was empty.

Dungeon Overview and Level Annotations

Branches:
Dungeon (1/1)

Altars:
Sif Muna
Vehumet
Wu Jian


Innate Abilities, Weirdness & Mutations

You are too large for most types of armour.
You have claws for hands.
Your natural rate of healing is unusually fast.
You are covered in fur. (AC +1)
You have tough skin. (AC +1)


Message History

You are too injured to fight recklessly!
You are too injured to fight recklessly!
You are too injured to fight recklessly!
You are too injured to fight recklessly!
You are too injured to fight recklessly!
You are too injured to fight recklessly!
You are too injured to fight recklessly!
You are too injured to fight recklessly!
You are too injured to fight recklessly!
You are too injured to fight recklessly!
You are too injured to fight recklessly!
You are too injured to fight recklessly!
You are too injured to fight recklessly!
You are too injured to fight recklessly!
You are too injured to fight recklessly!
A red film seems to cover your vision as you go berserk!
You feel yourself moving faster!
You feel mighty! The centaur warrior barely misses you.
The centaur warrior kicks you but does no damage.
The centaur warrior hits you. The centaur warrior kicks you.
* * * LOW HITPOINT WARNING * * *
The centaur warrior hits you!
* * * LOW HITPOINT WARNING * * *
The centaur warrior kicks you.
* * * LOW HITPOINT WARNING * * *
You mangle the centaur warrior!!
The centaur warrior is heavily wounded.
The centaur warrior hits you!
* * * LOW HITPOINT WARNING * * *
The centaur warrior kicks you but does no damage.
The centaur warrior hits you.
* * * LOW HITPOINT WARNING * * *
The centaur warrior kicks you.
* * * LOW HITPOINT WARNING * * *
You barely miss the centaur warrior.
The centaur warrior is heavily wounded.
The centaur warrior closely misses you. The centaur warrior kicks you.
* * * LOW HITPOINT WARNING * * *
The centaur warrior misses you. The centaur warrior kicks you.
You die...

################
#<.#..').#..'..#
#..').#..').#..+
#..#####'#####'#
## #..# #..#
#.####)$# #..#
#### ##.#§c§§.#
#..# #_§§@c§§.+
#⌠⌠#
+...§#§§§§§#
####
#_.#+##+#### ##+


You could see 2 centaur warriors.

Vanquished Creatures
  Sigmund (D)
  An ogre (D)
  A jelly (D)
  Ijyb (D)
4 creatures vanquished.

Notes
Turn   | Place    | Note
-------+----------+-------------------------------------------
     0 | D        | BigPumpCobain the Troll Berserker began the quest for the
                  | Orb.
     0 | D        | Reached XP level 1. HP: 22/22 MP: 0/0
     1 | D        | Noticed Ijyb
    21 | D        | Killed Ijyb
    22 | D        | Reached skill level 5 in Unarmed Combat
    22 | D        | Reached XP level 2. HP: 32/32 MP: 1/1
    38 | D        | Noticed an ogre
    41 | D        | Killed an ogre
    42 | D        | Reached skill level 5 in Fighting
    42 | D        | Reached skill level 7 in Unarmed Combat
    42 | D        | Reached XP level 3. HP: 44/44 MP: 2/2
    42 | D        | Reached XP level 4. HP: 52/52 MP: 3/3
    52 | D        | Noticed Sigmund
    57 | D        | Killed Sigmund
    57 | D        | Reached ** piety under Trog
    58 | D        | Reached skill level 9 in Unarmed Combat
    58 | D        | Reached XP level 5. HP: 62/62 MP: 4/4
    58 | D        | Reached XP level 6. HP: 71/71 MP: 5/5
    75 | D        | Found an ornate altar of the Wu Jian Council.
    75 | D        | Found a shimmering blue altar of Sif Muna.
    77 | D        | Found a radiant altar of Vehumet.
    79 | D        | Reached skill level 10 in Unarmed Combat
    83 | D        | Noticed a centaur warrior
    83 | D        | Noticed a centaur warrior
    89 | D        | HP: 2/108 [centaur warrior (4)]
    90 | D        | Slain by a centaur warrior

Illustrated notes

Levels and vault maps discovered:
D:        dungeon_sprint_1 [red_sonja_temple_1, red_sonja_temple_small_1]

Skill      XL: |  1  2  3  4  5  6 |
---------------+-------------------+-----
Fighting       | 4 5 7 |  7.7
Unarmed Combat | 5 7 9 10 | 10.2
Dodging        | |  2.4

Action                     |  1- 3 |  4- 6 || total
---------------------------+-------+-------++-------
  Melee: Unarmed           |    22 |     7 ||    29
 Invoke: Berserk           |       |     2 ||     2
 Armour: Animal skin       |     4 |    21 ||    25
         Skin              |     4 |       ||     4
  Dodge: Dodged            |     8 |     4 ||    12

Table legend: (Time is in decaauts)
 A = Elapsed time spent in this place.
 B = Non-inter-level travel time spent in this place.
 C = Inter-level travel time spent in this place.
 D = Time resting spent in this place.
 E = Time spent auto-exploring this place.
 F = Levels seen in this place.
 G = Mean time per level.
                   A        B        C        D        E       F      G
               +--------+--------+--------+--------+--------+-----+--------+
         Total |     93 |     93 |      0 |     13 |     34 |   1 |   93.0 |
       Dungeon |     93 |     93 |      0 |     13 |     34 |   1 |   93.0 |
               +--------+--------+--------+--------+--------+-----+--------+

Top non-repeatable levels by time:
       D: 93 daAuts
